[Event "July 23 Late 2024"]
[Site "Chess.com"]
[Date "2024.07.23"]
[Round "8.2"]
[White "Carlsen, Magnus"]
[Black "Xiong, Jeffery"]
[Result "1-0"]
[ECO "C01"]
[WhiteElo "3239"]
[BlackElo "3081"]
[PlyCount "85"]
[EventDate "2024.??.??"]
[WhiteTeam "NOR"]
[BlackTeam "USA"]
[TimeControl "180+1"]
[WhiteClock "0:00:36"]
[BlackClock "0:00:02"]

1. e4 e6 2. d4 d5 3. exd5 exd5 4. Nf3 Bd6 5. c4 Nf6 6. c5 Be7 7. Qa4+ c6 8. Bd3 O-O 9. O-O Ne4 10. Nc3 f5 11. Qc2 $146 ({RR} 11. Ne5 Bf6 12. f4 Be6 13. Be3 Qe7 14. Rad1 Nd7 15. Nxe4 fxe4 16. Be2 g6 17. b4 a6 18. Qb3 Kg7 19. Qc3 h5 20. a4 Kh7 21. b5 axb5 22. axb5 Bxe5 23. fxe5 Bg4 24. Bxg4 hxg4 25. Qb2 Rxf1+ {Vachier Lagrave,M (2777)-Topalov,V (2736) Hamburg 2019 ½-½}) ({RR} 11. Ne5 Bf6 12. f4 Be6 13. Be3 Nd7 14. Nxe4 dxe4 15. Bc4 Qe7 16. Qb3 Bxc4 17. Qxc4+ Kh8 18. b4 Rad8 19. b5 Nb8 20. a4 Qe8 21. Rab1 Rc8 22. bxc6 Nxc6 23. Rxb7 Na5 24. Nf7+ Kg8 25. Nh6+ Kh8 {Pap,G (2476)-Xiong,J (2645) chess.com INT 2024 ½-½}) 11... Nd7 12. b4 Bf6 13. Rb1 Re8 14. Ne2 g5 15. b5 Nf8 16. bxc6 bxc6 17. Ne5 Bxe5 18. dxe5 Ne6 19. f3 Qa5 20. Be3 N4xc5 21. Bxf5 Ba6 22. Bxh7+ Kh8 23. Bf5 Rf8 24. Bxe6 Nxe6 25. Qxc6 Rae8 26. Nd4 Bxf1 27. Nxe6 Bd3 28. Rd1 Rg8 29. Nxg5 Qa6 30. Qxa6 Bxa6 31. Rxd5 Re7 32. e6 Rb8 33. Bd4+ Kg8 34. h4 Bc4 35. Rd6 Bxa2 36. Bf6 Reb7 37. h5 a5 38. h6 Bb1 39. e7 Re8 40. Ra6 Rb5 41. g4 Bc2 42. f4 a4 43. f5 1-0

[Event "July 23 Late 2024"]
[Site "Chess.com"]
[Date "2024.07.23"]
[Round "10.5"]
[White "Carlsen, Magnus"]
[Black "Esipenko, Andrey"]
[Result "1-0"]
[ECO "C54"]
[WhiteElo "3235"]
[BlackElo "3018"]
[PlyCount "67"]
[EventDate "2024.??.??"]
[WhiteTeam "NOR"]
[BlackTeam "FID"]
[TimeControl "180+1"]
[WhiteClock "0:00:44"]

1. e4 e5 2. Nf3 Nc6 3. Bc4 Nf6 4. d3 Bc5 5. O-O O-O 6. h3 h6 7. c3 d6 8. Nbd2 a5 9. Re1 Be6 ({RR} 9... Ba7 10. Nf1 Be6 11. Bb5 Ne7 12. d4 exd4 13. Nxd4 Bd7 14. Bd3 Ng6 15. Ng3 Re8 16. a4 c6 17. Bd2 d5 18. exd5 Rxe1+ 19. Qxe1 Nxd5 20. Be4 Bxd4 21. cxd4 Qb6 22. Bxd5 cxd5 23. Bc3 Qc7 24. Qd2 {Tsydypov,Z (2534)-Esipenko,A (2678) Almaty KAZ 2022 ½-½ (31)}) 10. Bxe6 ({RR} 10. Bb5 Bb6 11. Ba4 Nd7 12. Nf1 f5 13. exf5 Bxf5 14. Ng3 Bh7 15. d4 exd4 16. Bxc6 bxc6 17. cxd4 a4 18. Qe2 Kh8 19. Be3 Nf6 20. Qc4 Nd5 21. Bd2 Qd7 22. Rac1 Ne7 23. a3 Bg8 24. Qd3 Bh7 {Karjakin,S (2752)-Vidit,S (2726) chess24.com INT 2020 1-0 (50)}) ({RR} 10. Bb5 Bb6 11. Nf1 Ne7 12. Ba4 Ng6 13. Ng3 Qc8 14. Be3 Bxe3 15. fxe3 Nh7 16. Qd2 f5 17. exf5 Bxf5 18. Nxf5 Qxf5 19. Rf1 Qh5 20. Bb3+ Kh8 21. Kh2 Ng5 22. Bd1 Nxf3+ 23. Bxf3 Qg5 24. Bxb7 Rab8 {Shitiz Prasad (1804)-Manya Abhishek Drolia (1713) Mumbai IND 2025 1-0 (54)}) 10... fxe6 11. Nf1 a4 $146 ({RR} 11... Qe8 12. Be3 Bxe3 13. Rxe3 Nh5 14. d4 Qf7 15. Qc2 Qf6 16. Rd1 Rf7 17. Qb3 Rb8 18. Qb5 Kh8 19. Rd2 Kh7 20. dxe5 dxe5 21. g3 Qg6 22. Nxe5 Qg5 23. Rd5 Rxf2 24. Kxf2 exd5 25. Nf3 Rf8 26. exd5 {Ceres,D (2380)-Moroni,L (2584) Forni di Sopra 2022 ½-½ (44)}) 12. Rb1 b5 13. Be3 Bxe3 14. Rxe3 Qe8 15. d4 Nd7 16. Qe2 Rb8 17. Rd1 Na5 18. b3 axb3 19. axb3 b4 20. dxe5 Nxe5 21. Nxe5 dxe5 22. Nd2 Nc6 23. Nf3 bxc3 24. Rxc3 Rb4 25. Qc2 Nd4 26. Nxd4 exd4 27. Rxc7 e5 28. Ra1 Rb6 29. Qc5 Rbf6 30. Raa7 Rg6 31. Re7 Qb8 32. Qxe5 Qxe5 33. Rxe5 Rc8 34. Rd7 1-0

[Event "13th Norway Chess 2025"]
[Site "Stavanger NOR"]
[Date "2025.05.31"]
[Round "5"]
[White "Caruana, Fabiano"]
[Black "Carlsen, Magnus"]
[Result "1/2-1/2"]
[ECO "C85"]
[WhiteElo "2776"]
[BlackElo "2837"]
[Annotator "Rafael Leitao"]
[PlyCount "133"]
[EventDate "2025.05.26"]
[TimeControl "40/7200:0"]

1. e4 e5 2. Nf3 Nc6 3. Bb5 a6 4. Ba4 Nf6 5. O-O Be7 6. Bxc6 dxc6 7. Re1 {Este sistema de abertura foi jogado na primeira partida do match Nepomniachtchi-Ding em 2023. Embora tenha sido discutido apenas uma vez na disputa, este lance agora é testado de vez em quando por Grandes Mestres fortes.} Nd7 {O lance principal, mas 7...Bg4 e 7...Dd6 são alternativas importantes.} (7... Bg4) (7... Qd6) 8. d4 Bf6 {Um lance muito raro, jogado em apenas uma partida de GM na histórica Olimpíada de Buenos Aires em 1978.} (8... exd4 {foi o lance jogado por Ding e pela esmagadora maioria dos jogadores de xadrez.}) ({RR} 8... exd4 9. Qxd4 O-O 10. Bf4 Nc5 11. Qe3 Bg4 12. Nd4 Qd7 13. Nc3 Rad8 14. Nf5 Ne6 15. Nxe7+ Qxe7 16. Bg3 Bh5 17. f3 f6 18. h3 h6 19. Kh2 Bf7 20. Rad1 b6 21. a3 a5 22. Ne2 Rxd1 23. Rxd1 {Nepomniachtchi,I (2795)-Ding Liren (2788) Astana KAZ 2023 ½-½ (49)}) ({RR} 8... Bd6 9. Nbd2 exd4 10. Nxd4 Ne5 11. Nf5 O-O 12. Nxd6 Qxd6 13. Nf1 Qf6 14. Qd2 Ng6 15. Qg5 Qxg5 16. Bxg5 f5 17. exf5 Bxf5 18. Rac1 h6 19. Be3 Rad8 20. f3 b6 21. Bf2 Rfe8 22. Bg3 Rxe1 23. Rxe1 {Golod,V (2489)-Mindlin,A (2444) Israel ISR 2025 ½-½ (31)}) 9. Be3 {Simplesmente reforçando o centro. Isso é melhor do que trocar em e5 para jogar o final.} ({Após} 9. dxe5 Nxe5 10. Qxd8+ Kxd8 11. Nxe5 Bxe5 12. Nd2 Be6 13. Nf3 Bf6 14. Bg5 Ke7 {a estrutura de peões melhor não é suficiente para oferecer vantagem às Brancas.}) (9. c3 {é semelhante à partida.}) 9... O-O 10. c3 $146 {Um lance novo e lógico. Caruana quer terminar o desenvolvimento com Dc2-Tad1 e lutar por uma vantagem com seu bom controle central.} (10. Nc3 {foi jogado em Ermenkov-Hernandez Onna, Olimpíada de Buenos Aires 1978.}) ({RR} 10. Nc3 Qe7 11. Qd3 Rd8 12. d5 c5 13. a4 Qd6 14. Nd2 Be7 15. Nc4 Qg6 16. f4 Bd6 17. f5 Qh5 18. Rf1 f6 19. Rf3 b6 20. Kh1 Nf8 21. Rg1 Qe8 22. g4 h6 23. b3 Bd7 24. Qd2 Nh7 {Ermenkov,E (2520)-Hernandez Onna,R (2465) Buenos Aires 1978 ½-½ (35)}) 10... Re8 11. Nbd2 {Acho que o experimento na abertura foi um sucesso para as Brancas, já que não é fácil jogar com as Negras.} exd4 {Abrir mão do centro não é o ideal, mas é necessário para mover o cavalo de f8.} ({O imediato} 11... Nf8 $2 {é ruim devido a} 12. dxe5 Bxe5 13. Nxe5 Rxe5 14. f4 Re8 15. f5 {com uma vantagem esmagadora para as Brancas, graças à sua estrutura de peões muito superior.}) (11... b6 $5 {é um plano alternativo, e eu posso imaginar muitos jogadores tentando-o. As Negras simplesmente querem desenvolver o bispo em b7. As Brancas mantêm uma pequena vantagem após} 12. Qc2 (12. Nc4 $6 {é pior:} exd4 13. Bxd4 c5 14. Bxf6 Nxf6 {e as Negras não têm problemas.}) 12... Bb7) (11... a5 {é um lance sutil, uma ideia parecida com a que Carlsen joga mais tarde na partida.}) 12. cxd4 Nf8 13. Qc2 Ng6 14. h3 {As Brancas melhoram a posição calmamente.} a5 $5 {Tentando ganhar espaço na ala da dama. Após a5-a4, há também uma pequena chance de a torre entrar em jogo usando a casa a5, falaremos mais sobre isso depois.} (14... Be6 15. Rad1 {com a iniciativa das Brancas.}) 15. Rad1 (15. a4 {para o avanço do peão, mas as Negras podem usar a casa b4 depois de} Be7) 15... a4 16. Nb1 $1 {Uma excelente manobra para melhorar o cavalo.} Be7 17. Nc3 Bb4 (17... a3 $5 {As Negras podem considerar jogar esse lance antes de colocar o bispo em b4.}) 18. d5 {Caruana joga o meio-jogo com muita energia.} (18. a3 {é uma abordagem mais simples e também possível. Após} Bxc3 19. bxc3 {As Brancas mantêm uma pequena vantagem. Se conseguirem avançar os peões no centro, a posição das Negras pode se tornar perigosa.} (19. Qxc3 $2 {perde um peão:} Rxe4)) 18... Qe7 $6 {Carlsen tinha que encontrar um lance muito difícil sugerido pela máquina para ter chances realistas de igualar.} (18... cxd5 $2 {é errado:} 19. Nxd5 Bxe1 $2 20. Nxc7 {com uma vantagem decisiva.}) (18... Nh4 $1 {é o lance recomendado pelo computador. Após} 19. Nxh4 Qxh4 {surpreendentemente, as Negras estão mais ou menos bem, com um possível sacrifício de bispo em h3 pairando no ar.}) 19. a3 Bd6 (19... Bxc3 20. Qxc3 cxd5 21. exd5 {É perigoso para as Negras abrir a posição devido ao desenvolvimento superior das Brancas.}) 20. Bd4 {As Negras estão sob forte pressão.} (20. dxc6 bxc6 {As Brancas têm uma vantagem estável e muitas ideias promissoras. Uma delas é} 21. Bg5 $5 (21. Nxa4 Qxe4 {não é tão convincente.}) 21... f6 22. Bc1 {seguido pela captura do peão de a4.}) 20... Qd7 $1 {O único lance. Carlsen, aliás, encontrará vários lances difíceis e forçados nesta partida, que é uma verdadeira aula de defesa.} (20... c5 $2 {perde forçado:} 21. e5 $1 cxd4 22. exd6 Qf8 23. Nb5 {com uma vantagem esmagadora.}) (20... f6 {impede e4-e5, mas perde um peão:} 21. dxc6 bxc6 22. Nxa4) 21. e5 $1 {Caruana ataca da maneira mais eficiente.} (21. dxc6 Qxc6 {é defensável.}) (21. Nxa4 Nf4 $1 {é uma excelente recomendação da máquina, com a ideia de sacrificar o cavalo em h3 ou g2. As Negras conseguem alcançar um contra-ataque repentino.} (21... cxd5 22. Nc3 Nf4 {também é possível.})) 21... Bf8 22. e6 $1 (22. d6 {é menos perigoso. As Negras estão bem depois de} cxd6 23. exd6 Rxe1+ 24. Nxe1 Qf5 $1) 22... fxe6 23. dxe6 (23. dxc6 {também é interessante. Depois de} Qxc6 24. Ne5 $1 Nxe5 25. Bxe5 {as Brancas sacrificam um peão, mas tem excelente compensação. O plano é mover a dama para g4 e o cavalo para e4 com um ataque.}) 23... Rxe6 24. Ne4 {A situação é crítica, mas Carlsen encontra um lance brilhante.} Ra5 $3 {O único lance. A torre entra no jogo no momento certo. Qualquer outra coisa simplesmente perde.} (24... Qe8 $2 25. Neg5) (24... Bd6 $2 25. Nfg5) (24... h6 $2 25. Nf6+) 25. Bc5 (25. Nfg5 $2 {não funciona mais com a torre em a5.} Rxg5 $1 26. Nxg5 Rxe1+ 27. Rxe1 Qxd4 {ganhando material.}) 25... Qe8 26. Qc3 (26. Qc4 $5 {também é muito perigoso. As Negras precisam encontrar vários lances difíceis para sobreviver.} b6 $1 27. Nfg5 Ne5 28. Qe2 {Vamos seguir a principal linha recomendada pelo computador:} bxc5 29. Nxe6 Bxe6 30. f4 {As Negras têm problemas na coluna 'e', mas há uma saída.} Bb3 $1 31. fxe5 c4 $3 {A torre está salvando o dia novamente.} (31... Bxd1 32. Rxd1 {deixa as Negras com problemas posicionais.}) 32. Rc1 Rxe5 {com contra-jogo.}) 26... b6 27. Bxf8 Nxf8 (27... Qxf8 $2 {perde para} 28. Nd4) 28. Neg5 Rxe1+ 29. Rxe1 Qd8 (29... Qg6 {é mais preciso quando as Negras estão próximas da igualdade.}) 30. Qxc6 h6 31. Ne4 Be6 $6 (31... Qd7 $1 {é melhor.}) 32. Nc3 Qd7 33. Qxd7 Bxd7 34. Re7 {As Negras ainda não estão fora de perigo.} Rc5 $6 (34... Rf5 $1 35. Ne5 Be6 {dá melhores chances de defesa.}) 35. Ne5 Bf5 36. g4 $6 (36. Nxa4 {não é muito preciso:} Rc1+ 37. Kh2 Rc2 {com chances de empate.}) (36. Re8 $1 {é muito desagradável para as Negras.} g5 (36... Kh7 37. Rxf8 Rxe5 38. Nxa4 {com um peão a mais no final.}) 37. g4 Be6 38. Ng6 Bf7 (38... Kf7 $2 39. Nxf8 Kxe8 40. Nxe6) 39. Rxf8+ Kg7 40. Ra8 Kxg6 41. Rxa4 {Talvez as Negras ainda consigam escapar com uma defesa perfeita, mas será uma longa tortura jogar o final com um peão a menos.}) 36... Ng6 $1 37. Re8+ Kh7 38. f4 (38. Nxg6 Bxg6 {seguido por b6-b5, defendendo o peão de a4.}) 38... Nxe5 39. Rxe5 Rxe5 40. fxe5 Bd7 (40... Bd3 {é uma boa alternativa:} 41. Nxa4 Kg6 {com um empate provável.}) 41. Nd5 Kg6 42. Nxc7 Kf7 43. Kf2 {As Negras precisam encontrar a ordem correta dos lances para alcançar o empate. Carlsen finalmente comete um erro claro.} g5 $2 (43... Bc6 $1 {é o único caminho.} 44. Ke3 (44. h4 g5 $1 45. hxg5 hxg5 46. Ke3 Bd7 {A pressão em g4 salva as Negras.}) 44... Bg2 $1 {chegou na hora certa $1} (44... g5 $2 45. Kd4 {as Brancas vencem, como veremos na análise da partida.}) 45. h4 g5 $1 46. hxg5 hxg5 {Novamente as Negras estão prontas para atacar o peão de g4.} 47. Nb5 Ke6 48. Kd4 (48. Nc3 Kxe5 49. Nxa4 b5 {e parece que as Brancas não conseguem vencer, mesmo estando com um peão a mais.}) 48... Bf3 49. Nc3 Bxg4 50. Nxa4 Bf3 51. Nxb6 g4 {O peão de g custará material às Brancas: ou o cavalo, ou o peão de e.}) 44. Nd5 $2 {Carlsen deixa passar um ganho.} (44. Ke3 $1 Bc6 45. Kd4 Bg2 46. Nd5 $1 Ke6 (46... Bxh3 {A questão é que as Brancas podem jogar} 47. Ne3 $1 {quando o bispo está preso.}) 47. Nxb6 Bxh3 48. Nxa4 Bxg4 49. Nc5+ Ke7 50. b4 $1 {Os peões das Brancas são mais rápidos, por exemplo:} h5 51. b5 h4 52. Ke3 $1 {quando o rei se aproxima do peão de h.}) 44... Ke6 45. Nf6 (45. Nxb6 Bb5 {seguido da captura do peão de e5.}) 45... Bc8 46. Ng8 Kxe5 47. Nxh6 Be6 48. Ke3 b5 49. Nf5 Bxf5 50. gxf5 Kxf5 {O empate fica claro.} 51. Kf3 Kf6 52. Kg4 Kg6 53. Kg3 Kh5 54. Kf3 Kh4 55. Kg2 g4 56. hxg4 Kxg4 57. Kf2 Kf4 58. Ke2 Ke4 59. Kd2 Kd4 60. Kc2 Kc4 61. b3+ axb3+ 62. Kb2 b4 63. a4 Kd5 64. Kxb3 Kc5 65. a5 Kb5 66. a6 Kxa6 67. Kxb4 {Uma luta maravilhosa entre dois gigantes do jogo.} 1/2-1/2

[Event "Norway Chess 2025"]
[Site "Stavanger, Norway"]
[Date "2025.05.27"]
[Round "2.2"]
[White "Nakamura, Hikaru"]
[Black "Carlsen, Magnus"]
[Result "1/2-1/2"]
[ECO "C78"]
[WhiteElo "2804"]
[BlackElo "2837"]
[Annotator "Chess.com"]
[PlyCount "67"]
[EventDate "2025.??.??"]
[TimeControl "40/7200:0"]

1. e4 e5 2. Nf3 Nc6 3. Bb5 a6 4. Ba4 Nf6 5. d3 Bc5 6. O-O d6 7. c3 O-O 8. Nbd2 Ba7 9. h3 Ne7 10. Re1 Ng6 11. Nf1 d5 $146 ({RR} 11... b5 12. Bc2 Re8 13. d4 Bb7 14. Ng3 Nf4 15. b3 h6 16. d5 Bc8 17. Be3 Bd7 18. Bxa7 Rxa7 19. c4 c6 20. Qd2 Nh7 21. Rad1 c5 22. Kh2 b4 23. Ne2 Ng6 24. Rf1 a5 25. g3 a4 26. h4 {Krutko,A (2397)-Putri,R (1897) Chess.com INT 2022 0-1 (69)}) ({RR} 11... c6 12. d4 exd4 13. cxd4 d5 14. e5 Ne4 15. Bc2 f5 16. Ng3 Nh4 17. Nh2 c5 18. Ne2 cxd4 19. Bd3 Nxg2 20. Kxg2 Qh4 21. Rf1 f4 22. Ng1 Bxh3+ 23. Nxh3 f3+ 24. Nxf3 Qg4+ 25. Kh2 Rxf3 26. Qxf3 {Pranav,V (2597)-Wei Yi (2722) chess.com INT 2023 0-1}) ({RR} 11... c6 12. Ng3 d5 13. Bg5 h6 14. Be3 Bxe3 15. Rxe3 dxe4 16. dxe4 Be6 17. Bb3 Qxd1+ 18. Rxd1 Rfd8 19. Red3 Rxd3 20. Rxd3 Kf8 21. Bxe6 fxe6 22. Nd2 Nf4 23. Re3 Rd8 24. Nc4 Rd1+ 25. Kh2 Nd7 26. Ne2 {Urazayev,A (2467)-Makarian,R (2547) chess.com INT 2025 ½-½ (40)}) 12. exd5 Nxd5 13. d4 $6 {This leads to trouble—when played in the earlier Nakamura-Caruana game, Black still had a bishop on c5.} (13. Ng3 {was suggested by Carlsen first, and it does seem to keep the position rock-solid.}) (13. Bc2 {is an alternative.}) 13... exd4 14. Nxd4 c5 $1 {Carlsen seizes the chance to expand on the queenside.} 15. Nf3 b5 $1 16. Bc2 Bb7 17. a4 c4 $1 18. Bd2 $6 {Both a shaky move, and one that cost Nakamura 31 minutes, leaving him over 40 minutes down on the clock.} Qc7 19. Nd4 $6 b4 $1 {This is the high-water mark of Carlsen's advantage. He's 24 minutes up on the clock and close to winning, according to the computer, but from here Nakamura begins to play fast and equalize the game.} 20. Qg4 Rae8 21. Rad1 bxc3 $6 {The first misstep of the whole game by the world number-one.} (21... b3 $1 {or}) (21... Nf6 $1 {keep a bigger edge.}) 22. bxc3 Nf6 23. Qg3 Qa5 $5 24. Qg5 {Offering an exchange of queens.} Qxg5 $6 {Carlsen accepts, thinking he can do his thing of pushing in the endgame, but it turns out he's soon no better. It's also notable that in playing this move, he dropped lower on the clock than Nakamura.} (24... Qc7 {is the computer suggestion, but it's always tough to reverse your previous move.}) 25. Bxg5 Ne4 26. Bxe4 Bxe4 {Black has the bishop pair, but the position is too unstable.} 27. Nd2 Bd5 28. Nc2 Rxe1+ 29. Rxe1 Rc8 30. Nb4 Bb7 31. Ne4 (31. Nxc4 {was also possible, illustrating how tricky things have become e.g.} Rxc4 32. Re8+ Nf8 33. Re7) 31... a5 $1 {Here it's Carlsen who needs to be precise $1} (31... f6 $5 32. Nd6 $1 {again highlights issues in Black's camp.}) 32. Nd6 Rb8 33. Nc2 Bc6 $1 {One last precise move.} 34. Be3 $1 {Mass exchanges would likely now follow, but neither player had an urge to play on in this position with six minutes on their clock, and a draw was agreed.} 1/2-1/2